 Dungeon Crawl Stone Soup version 0.19.1-1-g22dce08 (webtiles) character file.

115 dngmouse the Chopper (level 5, -1/48 HPs)
             Began as a Hill Orc Fighter on Jan 15, 2017.
             Killed by nerve-wracking pain
             ... invoked by Grinder
              (9 damage)
             ... on level 3 of the Dungeon.
             The game lasted 00:05:25 (2523 turns).

dngmouse the Chopper (Hill Orc Fighter)             Turns: 2523, Time: 00:05:26

Health: -1/48      AC: 11    Str: 20    XL:     5   Next: 0%
Magic:  5/5        EV:  8    Int:  8    God:
Gold:   141        SH:  9    Dex: 15    Spells: 0 memorised, 4 levels left

rFire  . . .     SeeInvis +     a - +1 war axe
rCold  . . .     Gourm    .     h - +0 plate armour
rNeg   . . .     Faith    .     c - +0 shield
rPois  .         Spirit   .     (no helmet)
rElec  .         Reflect  .     (no cloak)
rCorr  .         Harm     .     (no gloves)
MR     .....                    (no boots)
Stlth  ..........               (no amulet)
                                (no ring)
                                s - ring of see invisible

@: agile, flying
A: see invisible
a: no special abilities


You were on level 3 of the Dungeon.
You were very hungry.

You visited 1 branch of the dungeon, and saw 3 of its levels.

You collected 141 gold pieces.

Inventory:

Hand Weapons
 a - a +1 war axe (weapon)
Missiles
 e - 4 javelins (quivered)
Armour
 c - a +0 shield (worn)
 h - a +0 plate armour (worn)
Jewellery
 s - a ring of see invisible (left hand)
Scrolls
 b - a scroll of enchant armour {unknown}
 l - 2 scrolls of remove curse
 m - 3 scrolls of teleportation {unknown}
 n - a scroll of amnesia {unknown}
 p - 2 scrolls of identify {unknown}
 q - a scroll of enchant weapon
Potions
 d - a potion of might
Comestibles
 f - a bread ration
 g - a beef jerky
 i - 4 meat rations
 k - a slice of pizza


   Skills:
 - Level 5.0 Fighting
 * Level 5.4 Axes
 - Level 3.2 Armour
 - Level 3.2 Shields


You had 4 spell levels left.
You didn't know any spells.

Dungeon Overview and Level Annotations

Branches:
Dungeon (3/15)

Altars:
Ashenzari
Elyvilon
Fedhas
Kikubaaqudgha

Annotations:
D:3 Grinder


Innate Abilities, Weirdness & Mutations

You have supernaturally acute eyesight. (SInv)


Message History

Pain shoots through your body!
* * * LOW HITPOINT WARNING * * *
Grinder blinks!
Grinder gestures at you.
You shrug off the repeated paralysis!
You can move again.
You are too injured to fight recklessly!
You are too injured to fight recklessly!
It was a potion of curing.
You feel better.
It was a potion of agility.
You feel agile all of a sudden. Grinder gestures at you.
Pain shoots through your body!
* * * LOW HITPOINT WARNING * * *
It was a potion of flight.
You feel very buoyant.
You fly up into the air.
Grinder gestures at you. Pain shoots through your body!
You die...

............#....)##..........#
.
............#.....##..........#
#
.................###...........
.................#
##########...
.............########... ....
........##...# #........
........########........
........#.....?....5...#
........#.......@.......
........'...............
........#...............
#####+###...............
##+#####........ #........
......... #........ #######


You could see Grinder.

Vanquished Creatures
  Robin (D:2)
  4 adders (D:2)
  A leopard gecko (D:1)
  An orc (D:2)
  A ball python (D:2)
  6 giant cockroaches
  17 goblins
  5 hobgoblins (D:2)
  8 jackals
  A quokka (D:2)
  A bat (D:1)
  4 frilled lizards
  4 kobolds
  7 rats
61 creatures vanquished.

Notes
Turn   | Place    | Note
-------+----------+-------------------------------------------
     0 | D:1      | dngmouse the Hill Orc Fighter began the quest for the Orb.
     0 | D:1      | Reached XP level 1. HP: 19/19 MP: 1/1
   179 | D:1      | Reached XP level 2. HP: 27/27 MP: 2/2
   935 | D:2      | Found a blossoming altar of Fedhas.
   940 | D:2      | Reached XP level 3. HP: 33/33 MP: 3/3
  1131 | D:2      | Reached XP level 4. HP: 28/41 MP: 4/4
  1154 | D:2      | Noticed Robin
  1162 | D:2      | Gained mutation: You have supernaturally acute eyesight. (SInv) [potion of beneficial mutation]
  1164 | D:2      | Killed Robin
  1656 | D:2      | Reached skill level 5 in Axes
  1764 | D:2      | Found a shattered altar of Ashenzari.
  1764 | D:2      | Found a white marble altar of Elyvilon.
  1848 | D:2      | Found an ancient bone altar of Kikubaaqudgha.
  1848 | D:2      | Found a faded altar of an unknown god.
  1855 | D:2      | Found a faded altar of an unknown god.
  1858 | D:2      | Found a faded altar of an unknown god.
  1872 | D:2      | Found a faded altar of an unknown god.
  1952 | D:2      | Reached skill level 5 in Fighting
  2489 | D:3      | Noticed Grinder
  2500 | D:3      | Paralysed by Grinder for 4 turns
  2506 | D:3      | Reached XP level 5. HP: 19/48 MP: 5/5
  2515 | D:3      | Paralysed by Grinder for 6 turns
  2523 | D:3      | Killed from afar by Grinder

Skill      XL: |  1  2  3  4 |
---------------+-------------+-----
Axes           | 3 4 5 |  5.4
Fighting       | 4 5 |  5.0
Armour         | |  3.2
Shields        | |  3.2

Action                   |  1- 3 |  4- 6 || total
-------------------------+-------+-------++-------
Melee: War axe           |    94 |    84 ||   178
  Use: Scroll            |       |     4 ||     4
       Potion            |       |     4 ||     4
  Eat: Chunk             |     1 |     3 ||     4
Armor: Scale mail        |    44 |     3 ||    47
       Plate armour      |       |    43 ||    43
Dodge: Dodged            |    36 |    15 ||    51
Block: Shield            |    56 |    55 ||   111
